 Dungeon Crawl Stone Soup version 0.29-a0-994-gc5c9f59d18 (webtiles) character file.

Game seed: 13697082512569108003

3569 coolguy69 the Covert (level 10, -2/51 HPs)
             Began as a Vine Stalker Monk on Aug 3, 2022.
             Was a Priest of Okawaru.
             Slain by a death yak (12 damage)
             ... on level 8 of the Dungeon.
             The game lasted 00:09:13 (7205 turns).

coolguy69 the Covert (Vine Stalker Monk)            Turns: 7205, Time: 00:09:14

Health: -2/51      AC: 10    Str: 17    XL:     10   Next: 9%
Magic:  0/13       EV: 18    Int: 10    God:    Okawaru [***...]
Gold:   227        SH:  5    Dex: 18    Spells: 9/9 levels left

rFire   + . .      SeeInvis .   x - +2 dagger (drain)
rCold   . . .      Faith    .   (no shield)
rNeg    . . .      Spirit   +   t - +2 troll leather armour
rPois   .          Reflect  +   o - +0 helmet
rElec   .          Harm     .   v - scarf {repulsion}
rCorr   .          Rampage  .   (no gloves)
Will    +....                   w - +0 pair of boots
Stlth   ++++++....              p - amulet of reflection
HPRegen 1.77/turn               m - ring of protection from fire
MPRegen 0.13/turn               (no ring)

@: about to teleport, heroic, repel missiles
A: fangs 3, regeneration 1, magic shield, antimagic bite, no potion heal 2
a: Renounce Religion, Heroism


You were on level 8 of the Dungeon.
You worshipped Okawaru.
Okawaru was most pleased with you.
You visited 2 branches of the dungeon, and saw 10 of its levels.

You collected 430 gold pieces.
You spent 203 gold pieces at shops.

Inventory:

Hand Weapons
 x - a +2 dagger of draining (weapon)
Missiles
 u - a throwing net (quivered)
Armour
 b - +0 acid dragon scales
 h - a +2 cloak of poison resistance
 o - a +0 helmet (worn)
 t - a +2 troll leather armour (worn)
 v - a scarf of repulsion (worn)
 w - a +0 pair of boots (worn)
Jewellery
 g - an amulet of faith
 m - a ring of protection from fire (left hand)
 p - an amulet of reflection (around neck)
Wands
 f - a wand of iceblast (14)
 n - a wand of digging (5)
 B - a wand of paralysis (6)
 D - a wand of mindburst (21)
Scrolls
 i - 4 scrolls of teleportation
 j - 4 scrolls of vulnerability
 l - a scroll of fog
 r - 2 scrolls of summoning
 y - a scroll of blinking {unknown}
 C - a scroll of magic mapping {unknown}
Potions
 a - 2 potions of cancellation
 c - 2 potions of ambrosia
 d - 2 potions of invisibility
 e - a potion of lignification
 k - 4 potions of haste
 q - a potion of curing
 s - a potion of might
 z - 4 potions of mutation
 A - a potion of resistance


   Skills:
 + Level 4.9(9.9) Fighting
 + Level 6.4(11.4) Short Blades
 + Level 4.4(9.4) Armour
 + Level 5.1(10.1) Dodging
 * Level 9.4(14.4) Stealth
 + Level 3.2(8.2) Shields
 * Level 3.5 Invocations


You had 9 spell levels left.
You didn't know any spells.
Your spell library contained the following spells:

 Spells                   Type           Power      Damage    Failure   Level
 Poisonous Vapours        Pois/Air       0%         N/A       54%         2
 Gell's Gravitas          Tloc           0%         N/A       78%         3
 Lesser Beckoning         Tloc           0%         N/A       78%         3
 Stone Arrow              Conj/Erth      0%         3d7       78%         3
 Teleport Other           Tloc           0%         N/A       78%         3
 Corpse Rot               Necr/Pois/Air  0%         N/A       99%         4
 Fulminant Prism          Conj/Hex       0%         3d6       99%         4
 Iskenderun's Mystic Bla  Conj/Tloc      0%         2d3       99%         4
 Borgnjor's Vile Clutch   Necr/Erth      0%         N/A       100%        5
 Lee's Rapid Deconstruct  Erth           0%         3d5*      100%        5
 Summon Small Mammal      Summ           Unusable   N/A       N/A         1
 Call Canine Familiar     Summ           Unusable   N/A       N/A         3
 Summon Guardian Golem    Hex/Summ       Unusable   N/A       N/A         3

Dungeon Overview and Level Annotations

Branches:
Dungeon (9/15)             Temple (1/1) D:6            Lair (0/5) D:9
    Orc: D:9-12

Altars:
Ashenzari
Cheibriados
Elyvilon
Fedhas
Gozag
Hepliaklqana
Kikubaaqudgha
Makhleb
Nemelex Xobeh
Okawaru
Qazlal
Ru
Sif Muna
Trog
Vehumet
Wu Jian
Xom
Yredelemnul
Zin
The Shining One

Shops:
D:8 [


Innate Abilities, Weirdness & Mutations

You have razor-sharp teeth.
Your natural rate of healing is unusually fast.
When hurt, damage is shared between your health and your magic reserves.
Your bite disrupts and absorbs the magic of your enemies.
Potions cannot restore your health.


Message History

A death yak comes into view.
There are monsters nearby!
The yak bellows!
The death yak bellows!
You hit the death yak. You drain the death yak.
You bite the death yak, but do no damage.
The death yak is lightly wounded.
You hear a bellow! x2
You hit the death yak but do no damage. Your bite misses the death yak.
The death yak is lightly wounded.
A yak comes into view.
The death yak gores you!!
You hit the death yak but do no damage.
You bite the death yak, but do no damage.
The death yak is lightly wounded.
A yak comes into view.
The death yak gores you!
You are too injured to fight recklessly!
Unknown command.
The death yak attacks as you move away! The death yak gores you!
* * * LOW HITPOINT WARNING * * *
A yak comes into view.
There is a stone staircase leading up here.
The death yak gores you.
* * * LOW HITPOINT WARNING * * *
You climb upwards.
There is a stone staircase leading down here.
You gain the combat prowess of a mighty hero.
The death yak gores you!
* * * LOW HITPOINT WARNING * * *
You barely miss the death yak. You hit the death yak but do no damage.
You bite the death yak. You drain its power.
You feel invigorated.
The death yak is lightly wounded.
The death yak gores you!
* * * LOW HITPOINT WARNING * * *
Okay, then.
Unknown command.
As you read the scroll of teleportation, it crumbles to dust.
You feel strangely unstable. The death yak gores you!
You die...

### ##..##
#...........# ## #...#
#...........# .# #...#
#............ .# #...##
#............ .##
#.>..# ##...........
#.# ##...##
###........... #.##
#.....# ##.............
#..#
#.....###...#..........
##.#
#....Y@...###..........
#.## #........##
#.......... ##.#
#........# ##.........
#.## #.......##
###....... #..#
#......## ##...... ##.#
######## ######. ### ##


You could see a death yak (drained).

Vanquished Creatures
  A troll (D:6)
  A hornet (D:8)
  Grinder (D:3)
  Sigmund (D:2)
  3 water moccasins
  3 sky beasts
  2 black bears
  2 ogres (D:5)
  2 centaurs (D:8)
  A phantom (D:5)
  4 bullfrogs
  3 scorpions
  A gnoll sergeant (D:8)
  A necrophage (D:6)
  4 killer bees (D:8)
  2 howler monkeys
  2 hounds
  6 orc priests
  Terence (D:2)
  2 iguanas (D:6)
  8 orc wizards
  Robin (D:3)
  7 gnolls
  A river rat (D:5)
  7 adders
  2 ufetubi (D:6)
  6 worms
  A dart slug (D:2)
  27 orcs
  7 endoplasms
  2 giant cockroaches
  11 goblins
  6 hobgoblins
  6 jackals
  6 bats
  4 frilled lizards
  9 kobolds
  9 rats
163 creatures vanquished.

Notes
Turn   | Place    | Note
-------+----------+-------------------------------------------
     0 | D:1      | coolguy69 the Vine Stalker Monk began the quest for the
                  | Orb.
     0 | D:1      | Reached XP level 1. HP: 11/11 MP: 2/2
    59 | D:1      | Found a faded altar of an unknown god.
   211 | D:1      | Reached XP level 2. HP: 16/16 MP: 3/3
   834 | D:2      | Reached XP level 3. HP: 1/20 MP: 2/4
  1292 | D:2      | Noticed Terence
  1310 | D:2      | Killed Terence
  1311 | D:2      | Reached skill level 3 in Stealth
  1311 | D:2      | Gained mutation: Your natural rate of healing is unusually
                  | fast. [Vine Stalker growth]
  1311 | D:2      | Reached XP level 4. HP: 10/24 MP: 2/5
  1434 | D:2      | Noticed Sigmund
  1454 | D:2      | Killed Sigmund
  1455 | D:2      | Reached skill level 1 in Armour
  1455 | D:2      | Reached skill level 4 in Stealth
  1455 | D:2      | Reached XP level 5. HP: 18/28 MP: 4/6
  1455 | D:2      | Reached XP level 6. HP: 20/32 MP: 4/7
  1974 | D:3      | Noticed Robin
  1978 | D:3      | Noticed Grinder
  1999 | D:3      | Reached skill level 5 in Stealth
  2011 | D:3      | Killed Robin
  2061 | D:3      | Killed Grinder
  2062 | D:3      | Reached XP level 7. HP: 33/37 MP: 5/8
  2540 | D:4      | Got the Secrets of Excavation
  2760 | D:4      | Found an opulent altar of Gozag.
  3009 | D:4      | Found a burning altar of Makhleb.
  3153 | D:4      | Found a basalt altar of Yredelemnul.
  3594 | D:5      | Entered Level 5 of the Dungeon
  3748 | D:5      | You fall into a shaft and drop 2 floors!
  3778 | D:7      | Reached skill level 6 in Stealth
  3868 | D:6      | Reached skill level 1 in Shields
  3868 | D:6      | Gained mutation: You have razor-sharp teeth. [Vine Stalker
                  | growth]
  3868 | D:6      | Reached XP level 8. HP: 42/42 MP: 9/9
  3927 | D:6      | Reached skill level 5 in Short Blades
  3979 | D:6      | Noticed a troll
  3985 | D:6      | Killed a troll
  3986 | D:6      | Reached skill level 7 in Stealth
  4147 | D:6      | Found a staircase to the Ecumenical Temple.
  4420 | Temple   | Entered the Ecumenical Temple
  4420 | Temple   | Found a transporter.
  4420 | Temple   | Found a transporter.
  4422 | Temple   | Found a transporter.
  4422 | Temple   | Found a transporter.
  4452 | Temple   | Became a worshipper of Warmaster Okawaru
  4452 | Temple   | Reached * piety under Okawaru
  4452 | Temple   | Reached ** piety under Okawaru
  4732 | D:5      | Reached XP level 9. HP: 44/45 MP: 8/10
  4812 | D:5      | Reached skill level 1 in Invocations
  4867 | D:5      | Reached skill level 8 in Stealth
  4884 | D:5      | Found a bloodstained altar of Trog.
  4888 | D:5      | Identified the +5 scale mail of Eternity {*Corrode +Inv
                  | rPois Str-3}
  4921 | D:5      | Found a glowing golden altar of the Shining One.
  5179 | D:5      | Found a shimmering blue altar of Sif Muna.
  6095 | D:8      | Noticed a hornet
  6169 | D:8      | Found a radiant altar of Vehumet.
  6170 | D:8      | Found a broken altar of Ashenzari.
  6171 | D:8      | Found a sacrificial altar of Ru.
  6171 | D:8      | Found a sparkling altar of Nemelex Xobeh.
  6409 | D:8      | Found a blossoming altar of Fedhas.
  6426 | D:8      | Killed a hornet
  6426 | D:8      | Reached *** piety under Okawaru
  6427 | D:8      | Reached skill level 9 in Stealth
  6546 | D:8      | Reached XP level 10. HP: 45/51 MP: 11/13
  6580 | D:8      | Found Qemul's Armour Emporium.
  6600 | D:8      | Reached skill level 5 in Dodging
  6799 | D:8      | Bought a +2 cloak of poison resistance for 203 gold pieces
  7183 | D:9      | Noticed a death yak
  7186 | D:9      | Found a staircase to the Lair.
  7187 | D:9      | Noticed a death yak
  7187 | D:9      | Noticed a death yak
  7200 | D:8      | HP: 1/51 [death yak (3)]
  7205 | D:8      | Slain by a death yak

Illustrated notes

Levels and vault maps discovered:
D:1:      lemuel_arrival_broad_hall, layout_rooms,
          shapermc_ecumenical_altar_notcrosses
D:2:      layout_rooms, grunt_ministairs_13, uniq_sigmund, uniq_terence
D:3:      layout_basic, uniq_robin, uniq_grinder
D:4:      layout_loops_ring, grunt_gozag_breadcrumbs, mainiacjoe_overflow_swirl
D:5:      black_bear_nest_2, layout_loops_corners, mainiacjoe_overflow_alcove_2,
          chequers_temple_overflow_statue_of_worship, lightli_sewer_entry_pipes
D:6:      layout_rooms, minmay_temple_entry_poolview
D:7:      layout_loops_ring
D:8:      layout_cave_pods, fedhas_altar_2, mainiacjoe_overflow_alcove_3,
          serial_shops, shop
D:9:      layout_rooms, nicolae_uskayaw_dance_studio, grunt_dithmenos_shadows,
          dpeg_lair_monsters, minmay_crystal_water
Temple:   hellmonk_temple_divided_pantheon

Skill      XL: |  1  2  3  4  5  6  7  8  9 10 |
---------------+-------------------------------+-----
Fighting       | 3 4 |  4.9
Short Blades   | 3 4 5 6 |  6.4
Stealth        | 3 4 5 6 7 9 |  9.4
Armour         | 1 2 3 4 |  4.4
Dodging        | 3 4 5 |  5.1
Shields        | 1 2 3 |  3.2
Invocations    | 3 |  3.5

Action                   |  1- 3 |  4- 6 |  7- 9 | 10-12 || total
-------------------------+-------+-------+-------+-------++-------
Melee: Short sword       |    90 |   129 |    75 |       ||   294
       Bite              |    20 |    53 |   118 |    19 ||   210
       Punch             |       |     1 |     7 |       ||     8
       Dagger            |       |       |   376 |    61 ||   437
Invok: Heroism           |       |       |       |     1 ||     1
  Use: Potion            |       |     2 |       |       ||     2
       Scroll            |       |       |    16 |     4 ||    20
 Stab: Sleeping          |     7 |     4 |    10 |     1 ||    22
       Distracted        |       |       |     1 |       ||     1
Armor: Robe              |    19 |       |       |       ||    19
       Acid dragon scale |     3 |    27 |    41 |       ||    71
       Leather armour    |     3 |       |       |       ||     3
       Troll leather arm |       |       |    98 |    20 ||   118
       Skin              |       |       |     1 |       ||     1
Dodge: Dodged            |    52 |    51 |   218 |    31 ||   352
       Repelled          |       |       |     2 |       ||     2
Block: Other             |       |       |    91 |    12 ||   103
       Reflection        |       |       |     3 |       ||     3

Table legend: (Time is in decaauts)
 A = Elapsed time spent in this place.
 B = Non-inter-level travel time spent in this place.
 C = Inter-level travel time spent in this place.
 D = Time resting spent in this place.
 E = Time spent auto-exploring this place.
 F = Levels seen in this place.
 G = Mean time per level.
                   A        B        C        D        E       F      G
               +--------+--------+--------+--------+--------+-----+--------+
         Total |   7073 |   6641 |    432 |    442 |   4879 |  10 |  707.3 |
       Dungeon |   7014 |   6583 |    431 |    442 |   4877 |   9 |  779.3 |
        Temple |     58 |     58 |      0 |      0 |      2 |   1 |   58.0 |
               +--------+--------+--------+--------+--------+-----+--------+

Top non-repeatable levels by time:
     D:8: 1126 daAuts
     D:4: 1059 daAuts
     D:5: 1032 daAuts
     D:2: 1007 daAuts
     D:1: 790 daAuts
     D:7: 696 daAuts
     D:3: 693 daAuts
     D:6: 594 daAuts
  Temple: 58 daAuts
     D:9: 13 daAuts
